Map: Galactic Process LE

Players

Stats

  • Race: Protoss Protoss

Zest - Winner!

  • Race: Protoss Protoss

Event: 2016 WCS Global Finals

VOD

Have the link to the VOD?

Description

Time

  • Played on: Nov. 4, 2016, 7:27 p.m.
  • Length: 4:30

All games in this series

Show
View Real Time Build Order
Export as new Build Order

Stats Protoss 

Build Orders: Oracle Opening 

Get SALT Encoding   

  12  0:01  Probe (Chrono Boost)  
  13  0:11  Probe (Chrono Boost)  
  14  0:17  Pylon  
  14  0:22  Probe (Chrono Boost)  
  15  0:36  Probe (Chrono Boost)  
  15  0:37  Gateway  
  15  0:41  Assimilator  
  16  0:46  Probe (Chrono Boost)  
  17  0:54  Assimilator  
  18  0:57  Probe (Chrono Boost)  
  18  1:04  Gateway  
  18  1:07  Probe (Chrono Boost)  
  19  1:18  Probe (Chrono Boost)  
  20  1:24  Cybernetics Core  
  20  1:28  Probe (Chrono Boost)  
  21  1:34  Pylon  
  21  1:39  Probe (Chrono Boost)  
  22  1:49  Probe (Chrono Boost)  
  22  1:50  Warp Gate  
  23  2:01  Adept, Probe (Chrono Boost)  
  26  2:02  Adept  
  28  2:15  Pylon, Mothership Core (Chrono Boost)  
  30  2:24  Stargate  
  30  2:35  Adept  
  30  2:36  Adept  
  34  2:41  Probe (Chrono Boost)  
  35  2:55  Pylon  
  35  3:04  Oracle  
  34  3:11  Probe (Chrono Boost)  
  38  3:26  Twilight Council  
  38  3:29  Probe (Chrono Boost)  
  39  3:38  Gateway  
  39  3:41  Pylon  
  39  3:42  Void Ray  
  43  4:02  Stalker x2  
  47  4:06  Pylon  
Show
View Real Time Build Order
Export as new Build Order

Zest Protoss - Winner!

Build Orders: Dark Templar Rush 

Get SALT Encoding   

  12  0:00  Probe (Chrono Boost)  
  13  0:11  Probe (Chrono Boost)  
  14  0:17  Pylon  
  14  0:22  Probe (Chrono Boost)  
  16  0:36  Probe (Chrono Boost)  
  16  0:37  Gateway  
  16  0:43  Assimilator  
  16  0:46  Probe (Chrono Boost)  
  17  0:57  Assimilator, Probe (Chrono Boost)  
  18  1:05  Gateway  
  18  1:08  Probe (Chrono Boost)  
  19  1:19  Probe (Chrono Boost)  
  19  1:24  Cybernetics Core  
  20  1:29  Probe (Chrono Boost)  
  21  1:40  Probe (Chrono Boost)  
  21  1:41  Pylon  
  22  1:49  Warp Gate  
  22  1:50  Probe (Chrono Boost)  
  23  2:00  Adept x2  
  27  2:12  Twilight Council  
  27  2:27  Stalker  
  27  2:29  Stalker  
  31  2:38  Pylon  
  31  2:48  Dark Shrine  
  31  3:08  Gateway  
  31  3:17  Pylon, Mothership Core (Chrono Boost)  
  33  4:01  Pylon, Dark Templar x2  
  37  4:07  Dark Templar  
  39  4:14  Pylon  
Tags
 
Add a new tag
Caveats
  • Supply blocks, unpowered buildings, or Contaminate may cause inaccurate times.
  • Supply counts are checked every 10 seconds.